 Dungeon Crawl Stone Soup version 0.31.0-11-ge490571c62 (webtiles) character file.

Game seed: 17341640532166727256

570 browni3141 the Chopper (level 7, 0/61 HPs)
             Began as a Minotaur Fighter on Jan 27, 2024.
             Slain by an orc wizard
             ... wielding a +0 dagger
              (4 damage)
             ... on level 5 of the Dungeon.
             The game lasted 00:01:03 (2403 turns).

browni3141 the Chopper (Minotaur Fighter)           Turns: 2403, Time: 00:01:04

Health: 0/61       AC:  7    Str: 22    XL:     7   Next: 11%
Magic:  6/6        EV:  9    Int:  5    God:
Gold:   139        SH:  5    Dex: 10    Spells: 6/6 levels left

rFire   + . .        a - +0 war axe
rCold   + . .        c - +0 buckler
rNeg    . . .        b - +0 scale mail
rPois   .            (helmet restricted)
rElec   .            (no cloak)
rCorr   .            (no gloves)
SInv    .            (no boots)
Will    .....        (no amulet) Stlth
                     e - ring of protection from cold
HPRegen 0.30/turn    j - ring of protection from fire
MPRegen 0.10/turn

%: no passive effects
@: no status effects
A: horns 2, retaliatory headbutt
a: no special abilities


You were on level 5 of the Dungeon.
You visited 1 branch of the dungeon, and saw 5 of its levels.

You collected 139 gold pieces.

Inventory:

Hand Weapons
 a - a +0 war axe (weapon)
Missiles
 u - 2 javelins (quivered)
Armour
 b - a +0 scale mail (worn)
 c - a +0 buckler (worn)
Jewellery
 e - a ring of protection from cold (left hand)
 j - a ring of protection from fire (right hand)
 r - a ring of wizardry
Wands
 m - a wand of paralysis (5)
Scrolls
 f - 2 scrolls of identify {unknown}
 g - a scroll of noise {unknown}
 h - 4 scrolls of teleportation {unknown}
 i - a scroll of fog {unknown}
 l - a scroll of acquirement {unknown}
 o - a scroll of blinking {unknown}
 p - a scroll of fear {unknown}
 q - a scroll of vulnerability {unknown}
 t - a scroll of immolation {unknown}
Potions
 d - 3 potions of might
 k - 3 potions of mutation {unknown}
 n - a potion of enlightenment {unknown}
 s - 2 potions of heal wounds {unknown}
 v - a potion of attraction {unknown}


   Skills:
 + Level 5.4 Fighting
 * Level 6.2 Axes
 + Level 5.4 Armour
 + Level 5.4 Shields


You had 6 spell levels left.
You didn't know any spells.
Your spell library contained the following spells:

 Spells                   Type           Power      Damage    Failure   Level
 Magic Dart               Conj           0%         1d3       85%         1
 Blink                    Tloc           0%         N/A       94%         2
 Call Imp                 Summ           0%         N/A       94%         2
 Ensorcelled Hibernation  Hex/Ice        0%         N/A       94%         2
 Fugue of the Fallen      Necr           0%         N/A       99%         3
 Ozocubu's Armour         Ice            0%         N/A       99%         3
 Anguish                  Hex/Necr       0%         N/A       100%        4
 Manifold Assault         Tloc           0%         N/A       100%        4


Dungeon Overview and Level Annotations

Branches:
Dungeon (5/15)             Temple (0/1) D:5

Altars:
Elyvilon
Gozag


Innate Abilities, Weirdness & Mutations

You have a pair of horns on your head.
You reflexively headbutt those who attack you in melee.


Message History

The iguana bites you but does no damage.
Your Axes skill increases to level 6!
You have reached level 7!
You hit the iguana but do no damage. You headbutt the iguana.
The iguana is severely wounded.
You feel sick.
The iguana bites you but does no damage.
You slash the iguana!
You kill the iguana!
You feel sick.
You feel sick.
No target in view!
Found a staircase to the Ecumenical Temple.
You feel sick.
No target in view!
You feel sick.
You are no longer poisoned.
You open the door.
An orc priest comes into view. It is wielding a +0 dagger.
The orc priest shouts!
An orc priest is nearby!
An orc priest is nearby!
An orc priest is nearby!
An orc wizard comes into view. It is wielding a +0 dagger.
The orc wizard shouts!
You hear a shout!
The orc wizard moves out of view.
An orc wizard comes into view. It is wielding a +0 dagger.
There is an open door here.
An orc wizard comes into view. It is wielding a +0 dagger.
The orc wizard shouts! x2; You hear a shout!
The orc priest looks braver for a moment.
The orc wizard moves out of view.
An orc comes into view. It is wielding a +0 club.
Found a stone staircase leading up.
The orc shouts!
You hit the orc priest but do no damage.
Your headbutt misses the orc priest.
The orc priest mumbles some strange prayers to Beogh against you.
Beogh smites you!
The orc wizard mumbles some strange words.
The orc wizard flickers and vanishes!
Deactivating autopickup; reactivate with Ctrl-A.
You closely miss the orc priest.
The orc priest hits you but does no damage.
You barely miss the orc wizard. You slash the orc wizard!
The orc priest calls upon Beogh to heal the orc wizard.
The orc wizard is healed somewhat.
The orc wizard casts a spell at you. The puff of flame hits you. You resist.
You completely miss the orc wizard. Your headbutt misses the orc wizard.
The orc wizard is lightly wounded.
You barely miss the orc wizard.
The orc wizard hits you but does no damage.
The orc priest casts a cantrip, but nothing happens.
You barely miss the orc wizard.
The orc wizard is lightly wounded.
You hit the orc wizard. You completely miss something.
The orc wizard points at you and mumbles some strange words.
You resist with some effort.
The orc wizard hits you but does no damage.
Something hits you.
You barely miss the orc wizard. Your headbutt misses the orc wizard.
The orc wizard is moderately wounded.
You miss something. You closely miss the orc wizard.
The orc wizard closely misses you.
The orc wizard hits you but does no damage.
Something hits you but does no damage.
The orc priest invokes the aid of Beogh against you.
Beogh smites you!
You barely miss the orc wizard. Your headbutt misses the orc wizard.
The orc wizard is moderately wounded.
You closely miss something. You miss the orc wizard.
You block the orc wizard's attack.
The orc wizard mumbles some strange words.
The orc wizard flickers and vanishes!
The orc priest invokes the aid of Beogh against you.
Beogh smites you! Something hits you. Something hits you but does no damage.
You block the orc wizard's attack.
You hear some strange, mumbled words.
A magic dart appears from out of thin air!
The magic dart hits you.
You slice the orc wizard!!
You kill the orc wizard!
You closely miss something. You barely miss something.
Something hits you but does no damage. x2
You hit the orc.
The orc is moderately wounded.
You barely miss something. You closely miss something. Something hits you.
You block the orc's attack. Something hits you but does no damage.
You hit the orc but do no damage. You headbutt the orc.
You kill the orc!
You closely miss something. You miss something.
Something hits you but does no damage.
The orc priest invokes the aid of Beogh against you.
Something writhes in agony.
Something hits you.
You hit something but do no damage. x2; Something hits you.
Something hits you but does no damage. x2
The orc priest mumbles some strange prayers to Beogh against you.
Beogh smites you! Something hits you.
You die...

#...#
##'#######....#
#...#
#.......###...#
#...#
#.......##.###.
#####
#.......###...#
#......## #....
#......# #....
+......# ##...
##########......#
##..
.......@.'......#
###
......o{.#......#
##....##.#......#
...#.. #.#.######
.. #. ..#># . #.
#.#.# < #.#.# ##
#.#.# #.#


You could see an orc priest.

Vanquished Creatures
  2 phantoms
  A bullfrog (D:3)
  A scorpion (D:5)
  A hound (D:5)
  A jelly (D:4)
  3 iguanas
  3 orc wizards
  5 adders
  A white imp (D:5)
  2 ribbon worms
  A dart slug (D:5)
  5 orcs
  5 endoplasms
  A giant cockroach (D:1)
  3 goblins
  2 hobgoblins
  A ball python (D:4)
  A bat (D:3)
  3 kobolds
  A rat (D:3)
43 creatures vanquished.

Notes
Turn   | Place    | Note
-------+----------+-------------------------------------------
     0 | D:1      | browni3141 the Minotaur Fighter began the quest for the
                  | Orb.
     0 | D:1      | Reached XP level 1. HP: 19/19 MP: 0/0
   331 | D:2      | Reached XP level 2. HP: 20/27 MP: 1/1
   387 | D:2      | Reached skill level 3 in Axes
   490 | D:2      | Found a faded altar of an unknown god.
   581 | D:2      | Reached XP level 3. HP: 27/33 MP: 2/2
   731 | D:3      | Noticed a bullfrog
   733 | D:3      | Killed a bullfrog
   734 | D:3      | Reached skill level 4 in Axes
   734 | D:3      | Reached XP level 4. HP: 39/40 MP: 3/3
   791 | D:4      | Noticed a phantom
   800 | D:4      | Killed a phantom
   801 | D:4      | Reached XP level 5. HP: 29/47 MP: 4/4
  1283 | D:4      | Reached skill level 5 in Axes
  1513 | D:4      | Reached XP level 6. HP: 48/55 MP: 5/5
  1611 | D:4      | Reached skill level 5 in Shields
  1643 | D:4      | Reached skill level 5 in Armour
  1765 | D:5      | Entered Level 5 of the Dungeon
  1787 | D:5      | Reached skill level 5 in Fighting
  1816 | D:5      | Found a white marble altar of Elyvilon.
  1895 | D:5      | Found an opulent altar of Gozag.
  2328 | D:5      | Reached skill level 6 in Axes
  2328 | D:5      | Reached XP level 7. HP: 51/61 MP: 6/6
  2331 | D:5      | Found a staircase to the Ecumenical Temple.
  2403 | D:5      | Slain by an orc wizard

Illustrated notes

Levels and vault maps discovered:
D:1:      noname_arrival_rooms_in_the_neighbourhood, layout_loops_corners
D:2:      layout_basic, shapermc_ecumenical_altar_starsandcircs
D:3:      layout_loops_ring, chequers_temple_overflow_minitemple,
          lemuel_coloured_pillars_altar
D:4:      layout_loops_corners
D:5:      nicolae_BIG_FREAKIN_CUBE, layout_basic, mainiacjoe_overflow_alcove_2,
          nicolae_elyvilon_peaceful_grove

Skill      XL: |  1  2  3  4  5  6 |
---------------+-------------------+-----
Axes           | 3 4 5 6 |  6.2
Armour         | 4 5 |  5.4
Shields        | 4 5 |  5.4
Fighting       | 4 5 |  5.4

Action                     |  1- 3 |  4- 6 |  7- 9 || total
---------------------------+-------+-------+-------++-------
  Melee: War axe           |    27 |    89 |    13 ||   129
         Headbutt          |     4 |    15 |     2 ||    21
 Armour: Scale mail        |    16 |    64 |    21 ||   101
  Dodge: Dodged            |    13 |    24 |     1 ||    38
  Block: Buckler           |     6 |    17 |     3 ||    26
